 Dungeon Crawl Stone Soup version 0.30-a0-618-gd6c86c23d0 (webtiles) character file.

Game seed: 14359251902063265314

124 greasedhog the Trooper (level 5, -2/47 HPs)
             Began as a Ghoul Fighter on Jan 10, 2023.
             Slain by a river rat (6 damage)
             ... in a sewer.
             The game lasted 00:03:09 (2314 turns).

greasedhog the Trooper (Ghoul Fighter)              Turns: 2314, Time: 00:03:10

Health: -2/47      AC:  7    Str: 20    XL:     5   Next: 8%
Magic:  4/4        EV:  9    Int:  5    God:
Gold:   125        SH:  4    Dex:  8    Spells: 4/4 levels left

rFire   . . .      SeeInvis .      - Unarmed
rCold   + . .      Faith    .    b - +0 buckler
rNeg    + + +      Spirit   .    a - +0 scale mail
rPois   ∞          Reflect  .    p - +0 helmet
rElec   .          Harm     .    (no cloak)
rCorr   .          Rampage  .    (no gloves)
Will    .....                    (no boots) Stlth
                                 (no amulet)
HPRegen 0.00/turn                (no ring)
MPRegen 0.09/turn                (no ring)

@: inhibited regen
A: claws 1, cold resistance 1, negative energy resistance 3, inhibited
regeneration, torment resistance 2, devour on kill
a: no special abilities


You were in a sewer.
You visited 1 branch of the dungeon, and saw 3 of its levels.
You also visited: Sewer.

You collected 125 gold pieces.

Inventory:

Missiles
 i - 3 javelins (quivered)
Armour
 a - a +0 scale mail (worn)
 b - a +0 buckler (worn)
 p - a +0 helmet (worn)
Scrolls
 d - a scroll of magic mapping {unknown}
 g - a scroll of enchant weapon {unknown}
 h - a scroll of immolation {unknown}
 j - a scroll of identify {unknown}
 k - a scroll of teleportation {unknown}
 m - a scroll of blinking {unknown}
 n - a scroll of enchant armour {unknown}
Potions
 c - 3 potions of might
 e - a potion of brilliance {unknown}
 f - a potion of lignification {unknown}
 l - a potion of haste {unknown}
 o - a potion of curing {unknown}
 q - a potion of mutation {unknown}


   Skills:
 * Level 4.4 Fighting
 - Level 2.6 Armour
 * Level 3.6 Shields
 * Level 3.6 Unarmed Combat


You had 4 spell levels left.
You didn't know any spells.
Your spell library was empty.

Dungeon Overview and Level Annotations

Branches:
Dungeon (3/15)              Sewer (1/1)

Altars:
Hepliaklqana
Vehumet

Shops:
D:2 =[!*[


Innate Abilities, Weirdness & Mutations

You are immune to poison.
You have sharp fingernails.
Your flesh is cold resistant. (rC+)
You are immune to negative energy. (rN+++)
You do not regenerate when monsters are visible.
You are immune to unholy pain and torment.
You thrive by killing the living.


Message History

The rat bites you but does no damage. The river rat bites you.
You are too injured to fight recklessly!
You are too injured to fight recklessly!
You are too injured to fight recklessly!
You are too injured to fight recklessly!
You are too injured to fight recklessly!
You are too injured to fight recklessly!
You are too injured to fight recklessly!
You are too injured to fight recklessly!
You are too injured to fight recklessly!
You are too injured to fight recklessly!
You are too injured to fight recklessly!
You are too injured to fight recklessly!
You are too injured to fight recklessly!
You are too injured to fight recklessly!
You are too injured to fight recklessly!
You are too injured to fight recklessly!
You are too injured to fight recklessly!
You are too injured to fight recklessly!
You are too injured to fight recklessly!
You are too injured to fight recklessly!
The rat attacks as you move away! The rat bites you but does no damage.
The river rat attacks as you move away! The river rat misses you.
The river rat bites you but does no damage.
The river rat closely misses you. The river rat bites you.
The rat twitches its whiskers.
The river rat closely misses you. The river rat attacks as you move away!
The river rat bites you.
* * * LOW HITPOINT WARNING * * *
The river rat bites you.
* * * LOW HITPOINT WARNING * * *
The river rat bites you but does no damage.
The river rat attacks as you move away! The river rat barely misses you.
The river rat bites you!
* * * LOW HITPOINT WARNING * * *
You closely miss the river rat.
The river rat is heavily wounded.
The river rat bites you.
You die...

### . ..# ~~ #.# #######
≈≈≈#†# #### ##..~~≈#
#≈~~#############..####.~≈~≈##
#≈≈~~~~~~~~~~rr@.~..~~.~≈≈..#
##########≈~≈≈≈≈≈≈≈~≈≈≈≈≈...#
####################†#
#∩∩†~~~......†.†..##.#
###~~~.########~..#..# ##~.##
#~~....# #### ########


You could see a river rat and a rat.

Vanquished Creatures
  5 adders
  2 river rats (Sewer)
  A worm (D:2)
  3 dart slugs
  6 endoplasms
  4 giant cockroaches
  3 hobgoblins
  3 jackals (D:2)
  3 quokkas
  3 ball pythons
  3 bats
  5 frilled lizards
  3 kobolds
  11 rats
55 creatures vanquished.

Notes
Turn   | Place    | Note
-------+----------+-------------------------------------------
     0 | D:1      | greasedhog the Ghoul Fighter began the quest for the Orb.
     0 | D:1      | Reached XP level 1. HP: 19/19 MP: 0/0
   149 | D:1      | Reached XP level 2. HP: 26/26 MP: 1/1
   872 | D:2      | Reached XP level 3. HP: 33/33 MP: 2/2
  1118 | D:2      | Reached skill level 4 in Fighting
  1119 | D:2      | Reached XP level 4. HP: 40/40 MP: 3/3
  1267 | D:2      | Found Neatraoc's Armour Emporium.
  1272 | D:2      | Found Ucrushray's Assorted Antiques.
  1317 | D:2      | Found Niru's Distillery.
  1328 | D:2      | Found Mefawni's Armour Shoppe.
  1663 | D:2      | Found Tufoquvu's Jewellery Shop.
  1874 | D:3      | Found a radiant altar of Vehumet.
  1874 | D:3      | Found a hazy altar of Hepliaklqana.
  2128 | D:3      | Found a glowing drain.
  2155 | Sewer    | Entered a sewer
  2255 | Sewer    | Reached XP level 5. HP: 41/47 MP: 4/4
  2314 | Sewer    | Slain by a river rat

Illustrated notes

Levels and vault maps discovered:
D:1:      dpeg_cavernosity, layout_basic, nrook_campfire
D:2:      layout_basic, serial_shops, nicolae_shop_hallway_plus,
          nicolae_shop_advertising_works [nicolae_subvault_shop_adworks],
          nicolae_shop_window_shopping, shop, nicolae_shop_hallway_plus,
          nicolae_hexahallways, minmay_circle_x
D:3:      layout_loops_corners, gammafunk_temple_overflow_statue,
          portal_sewer_entry_f, serial_bayou_pond_d
Sewer:    sewer_sea

Skill      XL: |  1  2  3 |
---------------+----------+-----
Shields        | 3 |  3.6
Unarmed Combat | 3 |  3.6
Fighting       | 4 |  4.4
Armour         | |  2.6

Action                   |  1- 3 |  4- 6 || total
-------------------------+-------+-------++-------
Melee: Unarmed           |    93 |   105 ||   198
Armor: Scale mail        |    38 |    36 ||    74
Dodge: Dodged            |    39 |    44 ||    83
Block: Buckler           |     9 |    16 ||    25

Table legend: (Time is in decaauts)
 A = Elapsed time spent in this place.
 B = Non-inter-level travel time spent in this place.
 C = Inter-level travel time spent in this place.
 D = Time resting spent in this place.
 E = Time spent auto-exploring this place.
 F = Levels seen in this place.
 G = Mean time per level.
                   A        B        C        D        E       F      G
               +--------+--------+--------+--------+--------+-----+--------+
         Total |   2331 |   2288 |     43 |      0 |   1731 |   4 |  582.8 |
       Dungeon |   2152 |   2109 |     43 |      0 |   1665 |   3 |  717.3 |
         Sewer |    179 |    179 |      0 |      0 |     66 |   1 |  179.0 |
               +--------+--------+--------+--------+--------+-----+--------+

Top non-repeatable levels by time:
     D:2: 981 daAuts
     D:1: 846 daAuts
     D:3: 325 daAuts
   Sewer: 179 daAuts
